[Event "*** Titled Tuesday Blitz"]
[Site "Chess.com"]
[Date "2018.12.04"]
[Round "9"]
[White "Korchmar_Vasiliy"]
[Black "Guenplen"]
[Result "1/2-1/2"]
[WhiteElo "2767"]
[BlackElo "2836"]
[TimeControl "180+2"]
[EndTime "15:10:29 PST"]
[Termination "Game drawn by repetition"]

1. d4 d5 2. c4 e6 3. Nf3 Nf6 4. g3 dxc4 5. Bg2 Bd7 6. Ne5 Bc6 7. Nxc6 Nxc6 8. O-O Qd7 9. e3 Rd8 10. Qe2 e5 11. Nc3 Be7 12. d5 Nb4 13. Qxc4 Nbxd5 14. Rd1 c6 15. e4 Qg4 16. f3 Nb6 17. Rxd8+ Bxd8 18. Qe2 Qe6 19. Be3 O-O 20. Rd1 Be7 21. b3 Ra8 22. h4 Rd8 23. Kh2 Rxd1 24. Qxd1 Qc8 25. Bh3 Qc7 26. g4 Qd6 27. Qe2 Ne8 28. g5 Nc7 29. h5 Ne6 30. g6 hxg6 31. hxg6 fxg6 32. Qg2 Nf4 33. Bxf4 exf4 34. e5 Qxe5 35. Qxg6 Qf6 36. Qe8+ Bf8 37. Ne4 Qb2+ 38. Kg1 Qa1+ 39. Kh2 Qxa2+ 40. Kg1 Qa1+ 41. Kh2 Qb2+ 42. Kg1 Qb1+ 43.
Kg2 Qc2+ 44. Kg1 Qd1+ 45. Kg2 Qe2+ 46. Kg1 Qe3+ 47. Kg2 Qe2+ 48. Kg1 Qe3+ 49. Kg2 Qe2+ 50. Kg1 1/2-1/2

[Event "*** Titled Tuesday Blitz"]
[Site "Chess.com"]
[Date "2018.12.04"]
[Round "9"]
[White "PchelkinVK"]
[Black "Naruto-K"]
[Result "1-0"]
[WhiteElo "2573"]
[BlackElo "2450"]
[TimeControl "180+2"]
[EndTime "15:10:29 PST"]
[Termination "PchelkinVK won by resignation"]

1. d4 Nf6 2. Nc3 e6 3. e4 d5 4. e5 Nfd7 5. Nf3 c5 6. dxc5 Nc6 7. Bf4 Bxc5 8. Bd3 a6 9. Qe2 b5 10. O-O-O Qb6 11. Ng5 g6 12. Nxd5 exd5 13. e6 Nf6 14. exf7+ Kd8 15. Rhe1 Bg4 16. f3 Bd7 17. Ne6+ Kc8 18.
Be5 Nxe5 19. Nxc5 Qxc5 20. Qxe5 Qc6 21. Be4 Qe6 22. Qc3+ Qc6 23. Qe5 Rf8 24. Rxd5 Nxd5 25. Bxd5 Qc5 26. Bxa8 Qxe5 27. Rxe5 Rxf7 28. Bd5 Rf6 29.
Re7 h6 30. Be4 Kc7 31. Rg7 g5 32. Rg6 Rxg6 33. Bxg6 b4 34. Kd2 Kd6 35. c3 a5 36.
cxb4 axb4 37. a3 bxa3 38. bxa3 Kc5 39. Bf7 Kd4 40. Bb3 Bb5 41. g3 Ba6 42. Bc2 Bc4 43. f4 gxf4 44. gxf4 Ba6 45. f5 Ke5 46. Kc3 h5 47.
Kb4 h4 48. Kc5 Kf4 49. f6 1-0

[Event "*** Titled Tuesday Blitz"]
[Site "Chess.com"]
[Date "2018.12.04"]
[Round "9"]
[White "artichaud"]
[Black "JSMastropiero"]
[Result "1/2-1/2"]
[WhiteElo "2149"]
[BlackElo "2154"]
[TimeControl "180+2"]
[EndTime "15:10:30 PST"]
[Termination "Game drawn by repetition"]

1. d4 Nf6 2. Nf3 g6 3. b4 Bg7 4.
e3 O-O 5. Be2 d6 6. Bb2 Nbd7 7.
O-O Re8 8. c4 e5 9. Nc3 e4 10. Nd2 Nf8 11. a4 h5 12. b5 Bf5 13.
c5 d5 14. c6 b6 15. a5 Rb8 16. axb6 axb6 17. Ra7 N8h7 18. Na2 Ng4 19. Qe1 Bf8 20. Ba3 Bxa3 21. Rxa3 Qd6 22. Bxg4 Qxa3 23. Bxf5 gxf5 24. Qb1 Nf6 25. Nb4 Qa5 26. f3 Kg7 27. fxe4 fxe4 28. Rxf6 Kxf6 29. Nxd5+ Kg7 30. Nf1 f5 31. Qd1 Qxb5 32.
Nxc7 Qxc6 33. Nxe8+ Qxe8 34. Ng3 Qg6 35. Nxh5+ Kh6 36.
Nf4 Qg4 37. Qb3 Re8 38. Qf7 Qd1+ 39. Kf2 Qd2+ 40. Kf1 Qd1+ 41. Kf2 Qd2+ 42. Kf1 Qd1+ 43. Kf2 Qd2+ 44. Kf1 Qd1+ 45. Kf2 Qd2+ 46. Kf1 Qc1+ 47. Kf2 Qd2+ 1/2-1/2

[Event "*** Titled Tuesday Blitz"]
[Site "Chess.com"]
[Date "2018.12.04"]
[Round "9"]
[White "VerdeNotte"]
[Black "amintabatabaei"]
[Result "0-1"]
[WhiteElo "2835"]
[BlackElo "2745"]
[TimeControl "180+2"]
[EndTime "15:10:31 PST"]
[Termination "amintabatabaei won by resignation"]

1. e4 c5 2. Nc3 Nc6 3. f4 g6 4. Nf3 Bg7 5. Bb5 Nd4 6. O-O Nxb5 7. Nxb5 d6 8. d3 Nf6 9. c4 O-O 10. Nc3 Bd7 11. Qe1 a6 12. f5 b5 13. Qh4 bxc4 14. dxc4 Rb8 15. Bh6 Rxb2 16. Ng5 Qa5 17. fxg6 Qxc3 18. Bxg7 Qd2 19. Qg3 Kxg7 20. Rad1 Qe2 21.
Nxh7 Nxe4 22. Qf3 Qxf3 23. gxf3 Nd2 24. Nxf8 Kxf8 25. Rf2 Nxc4 26. Rxb2 Nxb2 27. Rb1 Nd3 28. Rb7 Be6 29. g7+ Kxg7 30. Rxe7 c4 31. Rc7 Nc5 32. Kf2 c3 33. Ke3 Kf6 34. Rc6 Ke5 35. h4 Bxa2 36. h5 Bb1 37. Rc7 c2 38. Kd2 Nb3+ 39. Ke3 c1=Q+ 40.
Rxc1 Nxc1 41. f4+ Kd5 42. f5 Bxf5 43. Kf4 Bh7 44. Kg5 a5 45. Kh6 Bb1 46. Kg7 a4 47.
h6 a3 0-1

[Event "*** Titled Tuesday Blitz"]
[Site "Chess.com"]
[Date "2018.12.04"]
[Round "9"]
[White "Mykola-Bortnyk"]
[Black "Firouzja2003"]
[Result "1-0"]
[WhiteElo "2859"]
[BlackElo "2999"]
[TimeControl "180+2"]
[EndTime "15:10:36 PST"]
[Termination "Mykola-Bortnyk won by resignation"]

1. e4 c5 2. c3 Nf6 3. e5 Nd5 4. d4 cxd4 5. Nf3 d6 6. cxd4 Nc6 7. Bc4 Nb6 8. Bb5 Bd7 9. Nc3 dxe5 10. dxe5 g6 11. O-O Bg7 12. Qe2 O-O 13. h3 Qc7 14. Bf4 Rad8 15. Bg3 Be6 16. Rac1 Qb8 17. Bxc6 Bc4 18. Qe4 Bxf1 19. e6 Bd3 20. Qh4 Bf6 21.
Bxb8 Bxh4 22. exf7+ Rxf7 23. Bxa7 bxc6 24. Bxb6 Rb8 25.
Bc7 Rb7 26. Be5 Rxf3 27. gxf3 Rxb2 28. Bd4 Rb4 29. Be3 Kf7 30. Ne4 Bb5 31. Nc3 Bc4 32. a4 Rb3 33. a5 Ra3 34. Ne4 Bd5 35. Bb6 Rxf3 36. Nc3 Bc4 37. Ne4 Bb5 38. Be3 Rf5 39.
Ra1 c5 40. Nxc5 Bc6 41. a6 Bg5 42. Nb7 Bf6 43. Nd8+ Ke8 44. Nxc6 Bxa1 45. a7 1-0

[Event "*** Titled Tuesday Blitz"]
[Site "Chess.com"]
[Date "2018.12.04"]
[Round "9"]
[White "penguingm1"]
[Black "Panchenko_Dmitry"]
[Result "1-0"]
[WhiteElo "2790"]
[BlackElo "2562"]
[TimeControl "180+2"]
[EndTime "15:10:37 PST"]
[Termination "penguingm1 won on time"]

1. d4 d5 2. Bf4 Nf6 3. e3 c5 4. dxc5 Nc6 5. Bb5 e6 6. b4 a5 7. c3 Ne4 8. f3 Nf6 9. Ne2 Be7 10. O-O O-O 11. Nd4 Bd7 12. Bxc6 Bxc6 13. a4 Be8 14.
Nd2 Nh5 15. Be5 f6 16. Bg3 Nxg3 17. hxg3 Qc8 18. Nb5 e5 19. e4 Bf7 20. exd5 Bxd5 21.
Ne4 Qc6 22. Nbd6 Bxd6 23. Nxd6 b6 24. Nf5 Rfe8 25. Qd3 e4 26. fxe4 Bxe4 27. Qc4+ Kh8 28. b5 Qxc5+ 29. Qxc5 bxc5 30. Nd6 Re6 31. Rfd1 f5 32.
c4 g6 33. Rd2 Kg7 34. Re1 Kf6 35.
Re3 Ke7 36. Nxe4 fxe4 37. Rd5 Rd8 38. Rxc5 Rd1+ 39. Kh2 Ra1 40. Rc7+ Kf6 41. c5 Rxa4 42. b6 Rb4 43. b7 a4 44. c6 Re8 45. Rc8 1-0

[Event "*** Titled Tuesday Blitz"]
[Site "Chess.com"]
[Date "2018.12.04"]
[Round "9"]
[White "wadsy27"]
[Black "Anar_Aliakbarov"]
[Result "1-0"]
[WhiteElo "2449"]
[BlackElo "2555"]
[TimeControl "180+2"]
[EndTime "15:10:39 PST"]
[Termination "wadsy27 won by resignation"]

1. Nf3 d5 2. g3 Nf6 3. Bg2 e6 4. c4 Be7 5. O-O O-O 6. b3 c5 7. Bb2 d4 8. e3 Nc6 9. exd4 cxd4 10. Re1 Ne8 11. Ne5 Nxe5 12. Rxe5 f6 13. Re1 e5 14. d3 Rb8 15. Ba3 b5 16. Bxe7 Qxe7 17. f4 bxc4 18.
dxc4 Qc5 19. Nd2 exf4 20. gxf4 Nd6 21. Bd5+ Kh8 22. Qf3 Bf5 23. Rad1 a5 24. Nf1 a4 25. Ng3 axb3 26. axb3 d3+ 27. Kh1 Rxb3 28. Nxf5 Nxf5 29. Rxd3 Rb2 30. Qh5 Qf2 31. Rg1 g6 32. Qh3 Re8 33.
Rf3 Qd2 34. Ra3 Qxf4 35. Ra7 Re7 36. Ra8+ Rb8 37. Rxb8+ Qxb8 38. Rxg6 Re1+ 39. Rg1 Qb1 40. Qg2 Rxg1+ 41. Qxg1 Qxg1+ 42. Kxg1 Ne3 43. Be6 Nc2 44. Kf2 Nd4 45. Bd5 Nb3 46. Ke3 Kg7 47. Be4 h5 48. h4 Kf7 49. Bf3 Kg6 50. Bd1 Nc5 51. Kd4 Ne6+ 52. Kd5 Nf4+ 53. Kd6 Kf5 54. c5 Ne6 55. Bc2+ Kg4 56. Kxe6 Kxh4 57. c6 1-0

[Event "*** Titled Tuesday Blitz"]
[Site "Chess.com"]
[Date "2018.12.04"]
[Round "9"]
[White "jefferyx"]
[Black "baki83"]
[Result "1-0"]
[WhiteElo "2781"]
[BlackElo "2542"]
[TimeControl "180+2"]
[EndTime "15:10:44 PST"]
[Termination "jefferyx won by checkmate"]

1. d4 Nf6 2. c4 d6 3. Nf3 g6 4. g3 Bg7 5. Bg2 O-O 6. O-O Nc6 7.
Nc3 a6 8. Bf4 e6 9. Qd2 Rb8 10.
Rac1 Bd7 11. Bh6 e5 12. Bxg7 Kxg7 13. Nd5 Bg4 14. dxe5 dxe5 15. Rfd1 Bxf3 16. exf3 Ne7 17. Qc3 Nexd5 18. cxd5 Qd6 19. Qxc7 Rfd8 20. Qc4 Rd7 21. Bh3 Rdd8 22. Rd2 b5 23. Qb3 Rb6 24. a3 Qb8 25.
Qe3 Rxd5 26. Rc8 Rxd2 27. Qxd2 Qd6 28. Qa5 Qd4 29. Kg2 e4 30. Rc3 Rd6 31. Qc7 Qd2 32. fxe4 Nxe4 33. Rf3 Nf6 34. Bc8 h5 35. h3 Qd4 36. b4 Qd2 37. Qe7 Qd4 38. g4 hxg4 39.
hxg4 Rc6 40. g5 Rxc8 41. Qxf6+ Qxf6 42. Rxf6 Ra8 43. Rb6 Kf8 44. Kg3 Ke7 45. Kf4 Kd7 46. Ke5 a5 47. Kf6 axb4 48. axb4 Ra2 49. Kxf7 Rxf2+ 50. Kxg6 Ke7 51. Rxb5 Kf8 52. Rb7 Rf6+ 53. gxf6 Kg8 54.
Rb8# 1-0

[Event "*** Titled Tuesday Blitz"]
[Site "Chess.com"]
[Date "2018.12.04"]
[Round "9"]
[White "Fins0905"]
[Black "biostatistician"]
[Result "1-0"]
[WhiteElo "2641"]
[BlackElo "2467"]
[TimeControl "180+2"]
[EndTime "15:10:46 PST"]
[Termination "Fins0905 won by resignation"]

1. d4 Nf6 2. c4 g6 3. Nc3 Bg7 4. e4 d6 5. f3 O-O 6. Nge2 c5 7. d5 e6 8. Bg5 exd5 9. cxd5 a6 10. a4 h6 11. Be3 Nh7 12. Qd2 f5 13. Nf4 Qf6 14.
Be2 Qf7 15. O-O g5 16. Ne6 Bxe6 17. dxe6 Qxe6 18. Nd5 Qe5 19. Bc4 Kh8 20. Nc7 Ra7 21.
Ne6 Nc6 22. Nxf8 Nxf8 23. exf5 Qxb2 24. Qd5 Ne7 25. Qf7 Qf6 26. Qe8 Nxf5 27. Bf2 Nd4 28.
Rae1 b5 29. axb5 axb5 30. Bxb5 Nxb5 31. Qxb5 Ra2 32. Re8 Qf7 33. Qb8 Rd2 34. Rfe1 Kh7 35. Bg3 Qf6 36. Qb1+ Ng6 37. Kh1 h5 38. R8e6 Qf7 39.
Bxd6 h4 40. h3 Kh8 41. Qxg6 Qxg6 42. Rxg6 c4 43. Be5 Bxe5 44. Rxe5 c3 45. Rc6 c2 46. Rec5 1-0

[Event "*** Titled Tuesday Blitz"]
[Site "Chess.com"]
[Date "2018.12.04"]
[Round "9"]
[White "Morshynska"]
[Black "LuisFSiles"]
[Result "1/2-1/2"]
[WhiteElo "2066"]
[BlackElo "2225"]
[TimeControl "180+2"]
[EndTime "15:10:46 PST"]
[Termination "Game drawn by agreement"]

1. d4 Nf6 2. c4 c5 3. e3 g6 4.
Nf3 Bg7 5. Nc3 O-O 6. Be2 cxd4 7. Nxd4 Nc6 8. O-O d6 9. b3 a6 10. Bb2 Rb8 11. Rc1 Bd7 12. Qd2 Nxd4 13. Qxd4 b5 14. Nd5 bxc4 15. Bxc4 Bb5 16. Nxf6+ Bxf6 17. Qd2 Bxb2 18. Qxb2 Qb6 19. Rc2 Bc6 20. Rfc1 Be4 21.
Rc3 a5 22. Qd2 e6 23. Bd3 Bb7 24. Bf1 Qb4 25. Qc2 Be4 26. Bd3 Bb7 27. h3 Rbc8 28.
Bf1 Rxc3 29. Qxc3 Rc8 30. Qxb4 axb4 31. Rxc8+ Bxc8 32. f3 d5 33. Kf2 Kf8 34. Bb5 Ke7 35. Ke2 Kd6 36. Kd3 Kc5 37. Be8 f6 38. f4 e5 39. g4 e4+ 40. Kd2 d4 41. Bf7 d3 42.
Bg8 Bb7 43. Bxh7 g5 44. fxg5 fxg5 45. Bf5 Kd5 46. Bg6 Ke5 47. Bf7 Bc8 48. Bc4 Bd7 49.
Bf7 1/2-1/2

[Event "*** Titled Tuesday Blitz"]
[Site "Chess.com"]
[Date "2018.12.04"]
[Round "9"]
[White "leclash"]
[Black "Schachmalanders"]
[Result "0-1"]
[WhiteElo "2342"]
[BlackElo "2298"]
[TimeControl "180+2"]
[EndTime "15:10:47 PST"]
[Termination "Schachmalanders won by resignation"]

1. d4 d5 2. c4 e6 3. Nc3 c6 4. cxd5 exd5 5. Nf3 Bf5 6. Bf4 Nf6 7. Qb3 Qb6 8. e3 Qxb3 9. axb3 Nbd7 10. Kd2 Bb4 11. Bd3 Ne4+ 12. Bxe4 Bxe4 13. Ne1 f6 14. f3 Bf5 15.
Nd3 Kf7 16. Nxb4 g5 17. Bg3 a5 18. Nd3 h5 19. b4 Bxd3 20. Kxd3 axb4 21. Na4 h4 22.
Bf2 h3 23. g4 b6 24. b3 Ra6 25.
Nb2 Rha8 26. Rxa6 Rxa6 27. e4 Ra2 28. Kc2 Ra3 29. Rg1 c5 30. Rg3 c4 31. bxc4 dxc4 32.
f4 c3 33. Nd3 Ra2+ 34. Kb3 Rd2 35. Be1 Rxh2 36. Nxb4 gxf4 37. Rf3 Re2 38. Bxc3 h2 39. Rh3 Rxe4 40. Nd5 f3 41. Rxh2 Rxg4 42. Ne3 Re4 43. Nf5 Rf4 44. Ng3 f2 45. Nf1 Rf3 46. Kc4 b5+ 47.
Kb4 Nb6 48. Bd2 Rd3 49. Kxb5 Nd7 50. Kc4 Rf3 51. Be3 f5 52. Rxf2 Rh3 53. Rxf5+ Ke6 54. Rb5 Kd6 55. Kd3 Kc6 56. Rg5 Nb6 57. Nd2 Nd5 58.
Rg6+ Kd7 59. Nc4 Nf4+ 60. Ke4 Nxg6 61. Ne5+ Nxe5 62. dxe5 Ke6 63. Bd4 Rh4+ 64. Kd3 Kd5 65. Bb2 Rh3+ 66. Kc2 Kc4 67. Bc1 Rh2+ 68. Bd2 Re2 69.
Kd1 Rxe5 70. Bf4 Rf5 71. Be3 Kd3 0-1

[Event "*** Titled Tuesday Blitz"]
[Site "Chess.com"]
[Date "2018.12.04"]
[Round "9"]
[White "Jenia84"]
[Black "TheBigBadChessDad"]
[Result "1-0"]
[WhiteElo "2233"]
[BlackElo "2275"]
[TimeControl "180+2"]
[EndTime "15:10:48 PST"]
[Termination "Jenia84 won by resignation"]

1. e4 e5 2. Nf3 Nc6 3. Bb5 a6 4.
Ba4 d6 5. d3 f5 6. exf5 Bxf5 7.
Nc3 Nf6 8. Qe2 Be7 9. Ne4 O-O 10. Bg5 Kh8 11. Nxf6 gxf6 12. Bh6 Rg8 13. O-O-O Bf8 14. Bxf8 Qxf8 15. Bxc6 bxc6 16. g3 Qh6+ 17. Qe3 Qh5 18. Nh4 Be6 19. f4 Bd5 20. Rhf1 Rge8 21. fxe5 Qxe5 22. Qxe5 fxe5 23. Kd2 a5 24. b3 a4 25. Ke3 c5 26. c4 Be6 27. Rf6 axb3 28. axb3 Rab8 29. Rb1 Kg7 30. Rf2 Rf8 31. Rxf8 Kxf8 32.
Nf3 h6 33. Nd2 Ke7 34. Ra1 Kd7 35. Rf1 Ke7 36. Rg1 h5 37. Ra1 Rh8 38. Ra7 Kd7 39.
Ne4 h4 40. Nf6+ Kc6 41. Ra1 hxg3 42. hxg3 Rb8 43. Rb1 Rf8 44. Rf1 Bg4 45. Rf2 Bd1 46. g4 Bxb3 47. g5 Rh8 48. g6 Rh3+ 49. Rf3 Rxf3+ 50.
Kxf3 e4+ 51. Kxe4 d5+ 52. cxd5+ Kd6 53. g7 1-0

[Event "*** Titled Tuesday Blitz"]
[Site "Chess.com"]
[Date "2018.12.04"]
[Round "9"]
[White "Jooonaaas1996"]
[Black "pedroholly22"]
[Result "0-1"]
[WhiteElo "2303"]
[BlackElo "2237"]
[TimeControl "180+2"]
[EndTime "15:10:49 PST"]
[Termination "pedroholly22 won by resignation"]

1. e4 c5 2. Nf3 d6 3. d4 cxd4 4.
Nxd4 Nf6 5. f3 g6 6. c4 Bg7 7. Nc3 O-O 8. Be3 Nc6 9. Qd2 Nxd4 10. Bxd4 Be6 11. Rc1 Rc8 12. b3 a6 13. Be2 Qa5 14.
O-O b5 15. cxb5 axb5 16. Rfd1 b4 17. Na4 Bd7 18. Nb6 Rxc1 19. Rxc1 Be6 20. Rc7 Rb8 21. Rc6 Nd7 22. Nxd7 Bxd7 23. Rc2 Bxd4+ 24. Qxd4 Ra8 25. h3 Qg5 26. Qxb4 Bxh3 27. Bf1 Qe3+ 28. Kh2 Be6 29. Qd2 Qb6 30. Qf2 Qa5 31. Qd2 Qh5+ 32. Kg1 Qe5 33. Qf2 h5 34. Rd2 Qc3 35. Rc2 Qa1 36. Qd2 Qe5 37. Qf2 Kg7 38. Qd2 h4 39. Qf2 h3 40. g3 h2+ 41. Kxh2 g5 42. Kg1 Rf8 43. Rd2 Kg6 44. Bg2 f5 45. f4 gxf4 46. gxf4 Qa1+ 47. Qf1 Qxf1+ 48. Kxf1 fxe4 49. Bxe4+ Kh5 50. Rf2 Kg4 51. Rg2+ Kh4 52. Rf2 Bh3+ 53. Ke2 Kg3 54. Ke3 Rc8 55.
Rf3+ Kg4 56. Bf5+ Kxf5 57. Rxh3 Rc3+ 0-1

[Event "*** Titled Tuesday Blitz"]
[Site "Chess.com"]
[Date "2018.12.04"]
[Round "9"]
[White "Orest_Vovk"]
[Black "Keaton87"]
[Result "0-1"]
[WhiteElo "2426"]
[BlackElo "2550"]
[TimeControl "180+2"]
[EndTime "15:10:54 PST"]
[Termination "Keaton87 won by resignation"]

1. g4 d5 2. Bg2 c6 3. h3 e5 4. d4 exd4 5. Qxd4 Nd7 6. Nf3 Ngf6 7. Qe3+ Be7 8. g5 Nh5 9. O-O O-O 10. Nd4 g6 11. Bf3 Ng7 12. Qf4 Nc5 13. h4 Bd6 14. Qd2 Bh3 15. Re1 Qe7 16. Qe3 Qd7 17. Nb3 Ne4 18. Nc3 Nf5 19. Qd3 Nxc3 20. bxc3 Nxh4 21. c4 dxc4 22. Qxc4 Nxf3+ 23. exf3 Qf5 24. Nd4 Qc5 25. Qxc5 Bxc5 26. Be3 Bb6 27. Kh2 Bd7 28. Kg3 Rad8 29. Rh1 c5 30. Ne2 f6 31. gxf6 Bc6 32. Bg5 Rd5 33.
f4 Rd2 34. Rhe1 Rxc2 35. Ng1 Bd8 36. Rad1 Bxf6 37. Bxf6 Rxf6 38. Rd8+ Rf8 39. Rxf8+ Kxf8 40. Nh3 h6 41. f3 Rxa2 42. Re3 b5 43. Nf2 b4 44.
Re6 Bd5 45. Rd6 Bf7 46. Nd3 Rd2 47. Rd7 c4 48. Ne5 Rxd7 49. Nxd7+ Ke7 50. Ne5 b3 51. Nc6+ Kd6 52. Nb4 a5 0-1

[Event "*** Titled Tuesday Blitz"]
[Site "Chess.com"]
[Date "2018.12.04"]
[Round "9"]
[White "BocharovD"]
[Black "Benek77"]
[Result "1-0"]
[WhiteElo "2730"]
[BlackElo "2610"]
[TimeControl "180+2"]
[EndTime "15:11:07 PST"]
[Termination "BocharovD won by resignation"]

1. e4 c5 2. Nc3 Nc6 3. Bb5 Nd4 4. Bc4 e6 5. Nf3 Nf6 6. O-O a6 7. e5 d5 8. exf6 dxc4 9. fxg7 Bxg7 10. d3 cxd3 11.
Qxd3 Bd7 12. Nxd4 cxd4 13. Ne4 Qc7 14. Bg5 Bb5 15. c4 dxc3 16. Nd6+ Kf8 17. Nxb5 axb5 18. bxc3 b4 19. cxb4 Bxa1 20. Rxa1 Qe5 21. Bh6+ Ke7 22. Rf1 Rhd8 23. Qf3 Rd5 24. a3 Qh5 25. Qe3 Re5 26. Qb6 Rg8 27. Qxb7+ Kf6 28. Bf4 Rd5 29. Qc7 Qe2 30. h3 h5 31. Qc3+ Kf5 32. Bg3 Rd1 33.
Rxd1 Qxd1+ 34. Kh2 Qd5 35. Qe3 Qe4 36. Qc5+ e5 37.
Qe7 Qd5 38. a4 f6 39. Qh7+ Rg6 40. Qxh5+ Rg5 41. Qh7+ Ke6 42. a5 Qb5 43. Qb1 f5 44. f4 exf4 45. Bxf4 Rg7 46. Qa2+ Kf6 47. Qb2+ Kf7 48.
Qa2+ Kf6 49. Qa1+ Kf7 50. a6 Qe2 51. Qg1 Qxa6 52. Qc5 Qe2 53. Qxf5+ Kg8 54. Qd5+ Kh7 55.
b5 Rg6 56. Bc7 Rg7 57. b6 Qe3 58. b7 Rxc7 59. Qf5+ Kg7 60. b8=Q 1-0

[Event "*** Titled Tuesday Blitz"]
[Site "Chess.com"]
[Date "2018.12.04"]
[Round "9"]
[White "arctic_t00"]
[Black "TregubovP"]
[Result "0-1"]
[WhiteElo "2392"]
[BlackElo "2536"]
[TimeControl "180+2"]
[EndTime "15:11:07 PST"]
[Termination "TregubovP won by checkmate"]

1. d4 Nf6 2. Nf3 c5 3. d5 b5 4. Bg5 Qb6 5. a4 b4 6. a5 Qd6 7.
Bxf6 Qxf6 8. c3 g6 9. e4 Bg7 10. e5 Qf5 11. Bd3 Qh5 12. h3 O-O 13. g4 Qh6 14. Qe2 Qf4 15. Nbd2 d6 16. Nc4 Ba6 17. Qe3 Qxe3+ 18. fxe3 bxc3 19. bxc3 Nd7 20. Kd2 Bxc4 21. Bxc4 Bxe5 22. Bb5 Nf6 23. Nxe5 dxe5 24. Bc6 Rab8 25.
Rab1 Ne4+ 26. Kd3 Nf2+ 27. Kc4 Nxh1 28. Rxh1 Rb2 29. Kxc5 Rfb8 30. Rd1 Ra2 31. Bd7 Rxa5+ 32. Kc6 Rb6+ 33. Kc7 Rc5+ 34. Bc6 Rxc3 35. Ra1 Rb2 36.
e4 Rb4 37. Rxa7 Rxe4 38. Ra8+ Kg7 39. d6 exd6 40. Kxd6 Re2 41. Ra7 Rd2+ 42. Bd5 Rcd3 43. Rxf7+ Kh6 44. h4 Rxd5+ 45. Ke6 e4 46. g5+ Kh5 47.
Rxh7+ Kg4 48. h5 Kxg5 49. hxg6 Kxg6 50. Rh3 Rg5 51. Re3 Rd4 52. Ke7 Re5+ 53. Kf8 Rd8# 0-1

[Event "*** Titled Tuesday Blitz"]
[Site "Chess.com"]
[Date "2018.12.04"]
[Round "9"]
[White "LawrenceTrent"]
[Black "Marcus_Harvey"]
[Result "0-1"]
[WhiteElo "2488"]
[BlackElo "2674"]
[TimeControl "180+2"]
[EndTime "15:11:16 PST"]
[Termination "Marcus_Harvey won by resignation"]

1. e4 e6 2. d4 d5 3. Nd2 a6 4. Ngf3 Nf6 5. e5 Nfd7 6. Bd3 c5 7. c3 Nc6 8. O-O g5 9. Qe2 cxd4 10. cxd4 g4 11. Ne1 Nxd4 12. Qxg4 Qb6 13. Ndf3 Nc6 14. Qf4 Qb4 15. Nc2 Qxf4 16. Bxf4 Nc5 17. Be2 Bd7 18.
Rac1 Rc8 19. b3 Ne4 20. Bd3 Nc5 21. Be2 Ne4 22. a3 Ne7 23. b4 Ng6 24. Be3 Bg7 25.
Bd4 Nf4 26. Rfe1 Nxe2+ 27. Rxe2 Ba4 28. Be3 Nc3 29. Ree1 Na2 30. Ncd4 Nxc1 31. Bxc1 Rc3 32. Bg5 Kd7 33. Bf6 Bxf6 34. exf6 Rhc8 35. g4 Rc1 36. Rxc1 Rxc1+ 37. Kg2 Kd6 38. Ng5 Be8 39. Nxh7 Rd1 40. Ne2 d4 41. Ng5 d3 42. Nc3 Rc1 43. Kf3 Bc6+ 44.
Nce4+ Bxe4+ 45. Nxe4+ Ke5 46. g5 Re1 47. Nd2 Kf5 48.
h4 Rh1 49. Kg3 Rd1 50. Nc4 Re1 51. Kf3 Re2 52. Ne3+ Kg6 53. a4 Re1 54. b5 axb5 55. axb5 d2 56. Ng2 d1=Q+ 57. Kg3 Rg1 58. Kh2 Rxg2+ 59. Kxg2 Qg4+ 0-1

[Event "*** Titled Tuesday Blitz"]
[Site "Chess.com"]
[Date "2018.12.04"]
[Round "9"]
[White "StoreySniper"]
[Black "TheMagician"]
[Result "1-0"]
[WhiteElo "2403"]
[BlackElo "2255"]
[TimeControl "180+2"]
[EndTime "15:11:19 PST"]
[Termination "StoreySniper won by resignation"]

1. g3 d5 2. Bg2 c6 3. c4 Nf6 4.
Nf3 Bf5 5. Qb3 Qb6 6. d3 dxc4 7. dxc4 Bxb1 8. Rxb1 Qxb3 9. axb3 e6 10. Ne5 Nfd7 11.
Nd3 Na6 12. Bd2 Ndc5 13. Nxc5 Bxc5 14. Bc3 f6 15. e3 Ke7 16. Ke2 Nb4 17. Bd4 Bxd4 18.
exd4 Rhd8 19. Rhd1 Rd7 20. Rd2 Rad8 21. Rbd1 e5 22. dxe5 Rxd2+ 23. Rxd2 Rxd2+ 24. Kxd2 fxe5 25. Be4 h6 26. h4 Kd6 27. h5 Kc5 28. Ke3 a5 29.
Bh7 Na2 30. Ke4 Nc1 31. Kxe5 Kb4 32. Ke6 Kxb3 33. Kf7 Kxb2 34. c5 a4 35. Kxg7 a3 36. Bg8 Nb3 37. Kxh6 a2 38. Kh7 a1=Q 39. h6 Nxc5 40.
g4 Qd1 41. g5 Qd7+ 42. Kg6 Qe8+ 43. Bf7 Qh8 44. f4 Nd7 45. f5 Nf8+ 46. Kh5 Qc3 47.
g6 Qh3+ 48. Kg5 Qe3+ 49. Kh5 Nd7 50. g7 Qh3+ 51. Kg6 Qg4+ 52. Kh7 Nf6+ 53. Kh8 Qg5 54. h7 Nxh7 55. g8=Q Qxg8+ 56. Bxg8 Nf6 57. Kg7 b5 58. Kxf6 Kc3 59. Ke5 c5 60. f6 c4 61. f7 b4 62.
f8=Q b3 63. Qa3 Kd3 64. Bh7+ Kc3 65. Kd5 Kd2 66. Kxc4 Ke3 67. Qxb3+ 1-0

[Event "*** Titled Tuesday Blitz"]
[Site "Chess.com"]
[Date "2018.12.04"]
[Round "9"]
[White "jmduque"]
[Black "WPWPWP-2015"]
[Result "1-0"]
[WhiteElo "2417"]
[BlackElo "2286"]
[TimeControl "180+2"]
[EndTime "15:11:22 PST"]
[Termination "jmduque won by resignation"]

1. e4 e5 2. Nf3 Nc6 3. Bc4 Nf6 4. d3 Be7 5. O-O O-O 6. Re1 d6 7. a4 a6 8. a5 Be6 9. Bxe6 fxe6 10. Nbd2 Qd7 11.
Nc4 h6 12. c3 Nh7 13. d4 exd4 14. cxd4 Rf7 15. d5 exd5 16. exd5 Na7 17. Nd4 Bh4 18.
Be3 Nf8 19. Ne6 Nxe6 20. dxe6 Qxe6 21. Rc1 Nb5 22. Qh5 Bf6 23. Bxh6 Be5 24. Nxe5 dxe5 25. Be3 Qf5 26. Qh4 Re8 27. h3 Nd6 28. g4 Qf3 29. g5 Nf5 30. Qg4 Qxg4+ 31. hxg4 Nh4 32. Red1 Kh7 33. Kh2 e4 34. Kg3 Nf3 35.
Rd5 Kg6 36. Rc4 Re6 37. Rb4 c6 38. Rxe4 Rxe4 39. Rd6+ Kh7 40. g6+ Kg8 41. gxf7+ Kxf7 42. Kxf3 Rb4 43. Rd2 Rb5 44. Bb6 Ke6 45. Kg3 g5 46. f3 Rb4 47. Bd4 Rb5 48. Bc3 c5 49. Re2+ Kd5 50.
Re5+ Kc4 51. Rxg5 b6 52. axb6 Rxb6 53. Rg8 a5 54. g5 a4 55. Ra8 Kb3 56. f4 Rd6 57. f5 Rd1 58. g6 Rf1 59. g7 Rg1+ 60. Kf4 a3 61. Rxa3+ Kc4 62. Ra8 Kb3 63. g8=Q+ Rxg8 64.
Rxg8 c4 65. f6 Ka2 66. f7 Kb3 67. f8=Q Ka4 68. Qa3+ Kb5 69. Rg5+ 1-0

[Event "*** Titled Tuesday Blitz"]
[Site "Chess.com"]
[Date "2018.12.04"]
[Round "9"]
[White "NeverEverForever1990"]
[Black "Ali_rastbod"]
[Result "1-0"]
[WhiteElo "2461"]
[BlackElo "2563"]
[TimeControl "180+2"]
[EndTime "15:11:28 PST"]
[Termination "NeverEverForever1990 won by resignation"]

1. d4 f5 2. Nf3 Nf6 3. g3 e6 4. Bg2 c6 5. O-O d5 6. Bf4 Be7 7. Nbd2 O-O 8. c4 Nh5 9. e3 Nd7 10.
Ne5 Qe8 11. Nxd7 Bxd7 12. c5 Bf6 13. Bd6 g5 14. f4 g4 15. Bxf8 Kxf8 16. b4 Ng7 17. a4 h5 18. Qb3 a6 19. Rfb1 h4 20. Nf1 h3 21. Bh1 Qc8 22. Nd2 Ne8 23. Rb2 Nc7 24. Nb1 Qe8 25. Nc3 Kf7 26. Rab1 Kg6 27. Qc2 Kf7 28. Kf2 Kg7 29. Ke2 Kf7 30. Kd1 Kg7 31. Kc1 Kf7 32. Rb3 Kg7 33. Kb2 Kf7 34.
Ka2 Kg7 35. Re1 Qf7 36. Rbb1 Qg6 37. Rbd1 Kf7 38. Qe2 Qg8 39. Kb3 Qe8 40. e4 dxe4 41.
Bxe4 fxe4 42. Qxg4 Qh8 43. Nxe4 Be7 44. Ng5+ Ke8 45.
Re5 a5 46. Nxh3 axb4 47. Rh5 Qf8 48. Qg6+ Kd8 49. Ng5 Bxc5 50. Nf7+ Kc8 51. dxc5 Nd5 52. Nd6+ Kc7 53. Rh7 Rd8 54. Qf7 Qxf7 55. Rxf7 Rh8 56. Nc4 Rxh2 57. Rxd5 cxd5 58. Ne5 Rg2 59. Rxd7+ Kc8 60.
Rg7 Kb8 61. Nd7+ Kc7 62. Ne5+ Kb8 63. a5 Ka8 64. c6 bxc6 65. Nxc6 Rxg3+ 66. Rxg3 1-0

[Event "*** Titled Tuesday Blitz"]
[Site "Chess.com"]
[Date "2018.12.04"]
[Round "9"]
[White "Yeytruyol"]
[Black "abubakrtagelsir"]
[Result "1-0"]
[WhiteElo "2463"]
[BlackElo "2281"]
[TimeControl "180+2"]
[EndTime "15:11:28 PST"]
[Termination "Yeytruyol won on time"]

1. e4 d6 2. d4 Nf6 3. Nc3 g6 4. f4 Bg7 5. Nf3 c5 6. Bb5+ Bd7 7. e5 Ng4 8. e6 Bxb5 9. exf7+ Kf8 10. Nxb5 Qa5+ 11. Nc3 cxd4 12. Nxd4 Kxf7 13. O-O Qc5 14. Qxg4 Bxd4+ 15. Kh1 Bxc3 16. bxc3 Qf5 17. Qf3 Nc6 18.
Rb1 Rab8 19. c4 h5 20. Bb2 Rhf8 21. Rbe1 Ke8 22. Qe2 Kd7 23. Rf3 Rf7 24. c5 Rbf8 25. cxd6 exd6 26. Qd2 Re7 27. Rxe7+ Nxe7 28. Be5 Nc8 29.
h3 Qe4 30. Re3 Qc6 31. Rc3 Qb5 32. Kh2 Ke6 33. Rxc8 Rxc8 34. Qxd6+ Kf5 35. Qf6+ Ke4 36. Qxg6+ Ke3 37. Qxh5 Qd5 38. c3 Rxc3 39. Qg4 Rc2 40. Qg3+ Ke2 41. f5 Rc5 42. Bf4 Qxf5 43. Bd6 Rd5 44. Bf4 Rd3 45. Qg5 Qxg5 46. Bxg5 Kf1 47. h4 Ra3 48. g3 Rxa2+ 49. Kh3 Kg1 50. h5 b5 51. h6 Rh2+ 52. Kg4 b4 53. Kf5 Rc2 54.
Bf6 1-0